 Dungeon Crawl Stone Soup version 0.21.1-1-g345015f (webtiles) character file.

37 EuclidGuy the Grave Robber (level 3, -1/24 HPs)
             Began as a Demonspawn Necromancer on July 7, 2018.
             Slain by a jackal (3 damage)
             ... on level 2 of the Dungeon.
             The game lasted 00:07:51 (1869 turns).

EuclidGuy the Grave Robber (Demonspawn Necromancer) Turns: 1869, Time: 00:07:52

Health: -1/24      AC:  2    Str:  8    XL:     3   Next: 23%
Magic:  0/6        EV: 12    Int: 17    God:
Gold:   38         SH:  0    Dex: 13    Spells: 6/7 levels left

rFire    . . .     SeeInvis .   (no weapon)
rCold    . . .     Gourm    .   (no shield)
rNeg     . . .     Faith    .   a - +0 robe
rPois    .         Spirit   .   (no helmet)
rElec    .         Reflect  .   (no cloak)
rCorr    .         Harm     .   (no gloves)
MR       .....                  (no boots)
Stlth    ++........             (no amulet)
HPRegen  0.08/turn              (no ring)
MPRegen  0.10/turn              (no ring)

@: no status effects
A: powered by pain 1, spiny 1
a: no special abilities


You were on level 2 of the Dungeon.
You were not hungry.

You visited 1 branch of the dungeon, and saw 2 of its levels.

You collected 38 gold pieces.

Inventory:

Armour
 a - a +0 robe (worn)
 c - a +0 robe
Scrolls
 e - a scroll of fear {unknown}
 f - a scroll of amnesia {unknown}
 g - a scroll of fog {unknown}
 h - a scroll of identify {unknown}
Potions
 d - a potion of haste {unknown}
 i - a potion of degeneration {unknown}
Books
 b - a book of Necromancy

   Spells                             Type                      Level
   a - Pain                           Necromancy                   1
   b - Animate Skeleton               Necromancy                   1
   c - Vampiric Draining              Necromancy                   3
   d - Regeneration                   Charms/Necromancy            3
   e - Animate Dead                   Necromancy                   4
   f - Borgnjor's Vile Clutch         Necromancy/Earth             5
Comestibles
 j - 2 rations


   Skills:
 + Level 1.7 Dodging
 + Level 1.9 Stealth
 + Level 2.6 Spellcasting
 + Level 5.1 Necromancy


You had 6 spell levels left.
You knew the following spells:

 Your Spells              Type           Power        Failure   Level  Hunger
a - Pain                  Necr           ###.         2%          1    #......


Dungeon Overview and Level Annotations

Branches:
Dungeon (2/15)

Altars:


Innate Abilities, Weirdness & Mutations

You sometimes gain a little power by taking damage.
You are partially covered in sharp spines.


Message History

The jackal closely misses you. The jackal is struck by your spines.
The jackal bites you.
* * * LOW HITPOINT WARNING * * *
The jackal barely misses you. The jackal bites you.
* * * LOW HITPOINT WARNING * * *
The jackal bites you but does no damage.
The jackal closely misses you. The jackal bites you.
* * * LOW HITPOINT WARNING * * *
The jackal bites you but does no damage.
The jackal bites you.
* * * LOW HITPOINT WARNING * * *
Casting: Pain
Confirm with . or Enter, or press ? or * to list all spells.
Aiming: Pain
Press: ? - help, Shift-Dir - straight line, f - jackal
Aim: a jackal (moderately wounded, chance to defeat MR: 89%)
The jackal writhes in agony!
The jackal barely misses you. The jackal bites you.
You die...

######.###.....†#..#.#....# ### .
.......................#.####..
###..##.......................+..
....................#....#..###..
###..########..#.................
...w...........#.#.##.##.#..###..
##.####.######.#...##..#.#..###..
................hh.......#...##..
#######.######.#@#.###...#.#.##..
.........................#.#.##..
#######.######.#.#.###...#....#..
#.# #.#.#.#.#............. #.#
#.#.#.#.#............. #.#
#.#.#.#.............## #.#
#.#.#.######..####...# #.#
#...#.#.......# #.#.# #.#
#.#.#.#.####.## #.#.#


You could see 2 jackals.

Vanquished Creatures
  An adder (D:2)
  A worm (D:2)
  2 dart slugs (D:2)
  A leopard gecko (D:2)
  4 bats
  2 goblins
  A hobgoblin (D:2)
  2 jackals (D:2)
  A ball python (D:2)
  A frilled lizard (D:2)
  A kobold (D:2)
  4 rats
21 creatures vanquished.

Notes
Turn   | Place    | Note
-------+----------+-------------------------------------------
     0 | D:1      | EuclidGuy the Demonspawn Necromancer began the quest for the Orb.
     0 | D:1      | Reached XP level 1. HP: 13/13 MP: 3/3
   900 | D:2      | Gained mutation: You are partially covered in sharp spines. [demonic ancestry]
   900 | D:2      | Reached XP level 2. HP: 14/19 MP: 0/5
  1821 | D:2      | Reached skill level 5 in Necromancy
  1853 | D:2      | Gained mutation: You sometimes gain a little power by taking damage. [demonic ancestry]
  1853 | D:2      | Reached XP level 3. HP: 14/24 MP: 1/6
  1869 | D:2      | Slain by a jackal

Skill      XL: |  1  2 |
---------------+-------+-----
Necromancy     | 5 |  5.1
Dodging        | |  1.7
Stealth        | |  1.9
Spellcasting   | |  2.6

Action                   || total
-------------------------++-------
Melee: Unarmed           ||    13
 Cast: Pain              ||    49
  Eat: Ration            ||     1
       Chunk             ||     1
Armor: Robe              ||    15
Dodge: Dodged            ||    34
